AoeStats
← Bob_The_Nob

Migration

510053010Analyzed
1v1 RM · 4d ago on Sep 29, 2026· 43m 5s· 2 players
Game mode
Random Map
Map size
132×132
Population
200
Speed
Normal
Resources
Standard
Victory
Conquest
Starting age
Dark Age
Ending age
Imperial Age
RankedLock teamsTeams togetherTeam positionsShared explorationLock speedFull tech treeHidden civsTurbo modeCheats
Victory
Defeat
🇬🇧 Britons · United Kingdom
538
+13
🇨🇦 Franks · Canada
469
-20
shirt cockin
0:56 Loom
12:50 Feudal Age
17:31 Double-Bit Axe
22:28 Castle Age
23:34 Bow Saw
24:07 Pikeman
24:35 Gambesons
25:45 Padded Archer Armor
25:37 Fletching
26:08 Stone Mining
27:52 Fishing Lines
29:20 Wheelbarrow
Bob_The_Nob
1:18 Loom
10:27 Feudal Age
11:20 Double-Bit Axe
11:42 Horse Collar
15:14 Wheelbarrow
14:28 Town Watch
21:52 Fletching
22:04 Padded Archer Armor
28:16 Stone Mining
28:18 Gold Mining
28:24 Gold Mining
33:39 Castle Age
34:33 Bodkin Arrow
37:04 Leather Archer Armor
40:06 Crossbowman
Connection lost

Rejoining the realm…

Still unreachable

The connection could not be restored.

Session expired

The server has moved on; the page needs a fresh start.